 Dungeon Crawl Stone Soup version 0.25.1-2-g60ff931df9 (webtiles) character file.

Game seed: 2127254538025685121

269 DogServant the Changer (level 6, -3/46 HPs)
             Began as a Merfolk Transmuter on Oct 18, 2020.
             Slain by Grinder (10 damage)
             ... on level 3 of the Dungeon.
             The game lasted 00:08:11 (4051 turns).

DogServant the Changer (Merfolk Transmuter)         Turns: 4051, Time: 00:08:12

Health: -3/46      AC:  3    Str: 11    XL:     6   Next: 22%
Magic:  9/9        EV: 14    Int: 12    God:
Gold:   137        SH:  0    Dex: 16    Spells: 0/9 levels left

rFire    . . .     SeeInvis +   e - +3 dagger
rCold    . . .     Gourm    .   (no shield)
rNeg     . . .     Faith    .   b - +0 robe
rPois    .         Spirit   .   (no helmet)
rElec    .         Reflect  .   m - +0 cloak
rCorr    .         Harm     .   (no gloves)
MR       .....                  (no boots)
Stlth    +.........             (no amulet)
HPRegen  0.15/turn              i - ring of see invisible
MPRegen  0.11/turn              (no ring)

@: mighty, appendage (expiring), very slightly contaminated, invisible
A: change form in water, swift swim, stealthy swim, horns 2
a: End Transformation


You were on level 3 of the Dungeon.
You were hungry.
You had grown temporary horns.
You visited 1 branch of the dungeon, and saw 3 of its levels.

You collected 137 gold pieces.

Inventory:

Hand Weapons
 e - a +3 dagger (weapon)
Missiles
 a - 12 arrows
 f - 4 javelins (quivered)
 s - 6 atropa-tipped darts
Armour
 b - a +0 robe (worn)
 m - a +0 cloak (worn)
 n - a +0 buckler
Jewellery
 i - a ring of see invisible (left hand)
 v - an uncursed ring of ice {unknown}
Scrolls
 g - 3 scrolls of remove curse
 p - a scroll of enchant armour {unknown}
 q - 2 scrolls of teleportation {unknown}
Potions
 h - a potion of magic
 o - a potion of might
 r - a potion of mutation {unknown}
 u - a potion of curing {unknown}
Comestibles
 d - 8 rations
 t - 2 chunks of flesh


   Skills:
 + Level 2.4 Fighting
 - Level 4.3 Dodging
 + Level 5.0 Unarmed Combat
 - Level 2.0 Spellcasting
 + Level 5.3 Transmutations


You couldn't memorise any spells.
You knew the following spells:

 Your Spells              Type           Power        Failure   Level  Hunger
a - Beastly Appendage     Tmut           ##....       3%          1    ##.....
b - Spider Form           Tmut/Pois      #.........   26%         3    ####...
c - Blade Hands           Tmut           ##........   63%         5    ######.

Your spell library contained the following spells:

 Spells                   Type           Power        Failure   Level  Hunger
 Sticks to Snakes         Tmut           ##......     4%          2    ###....
 Magic Dart               Conj           #...         26%         1    ##.....
 Blink                    Tloc           N/A          38%         2    ###....
 Call Imp                 Summ           #.......     38%         2    ###....
 Slow                     Hex            #.......     38%         2    ###....
 Conjure Flame            Conj/Fire      #.......     63%         3    ####...
 Mephitic Cloud           Conj/Pois/Air  #.......     63%         3    ####...
 Ice Form                 Ice/Tmut       #.......     65%         4    #####..


Dungeon Overview and Level Annotations

Branches:
Dungeon (3/15)

Altars:

Annotations:
D:3 Grinder


Innate Abilities, Weirdness & Mutations

You revert to your normal form in water.
You are very nimble and swift while swimming.
You are very stealthy in the water. (Stealth+)
You have a pair of horns on your head.


Message History

Grinder is severely wounded.
Grinder hits you.
You writhe in agony.
You hit Grinder.
Grinder is severely wounded.
Grinder hits you!
* * * LOW HITPOINT WARNING * * *
Okay, then.
Okay, then.
You aren't carrying any items that you can evoke.
Okay, then.
You feel very mighty all of a sudden. Grinder hits you.
* * * LOW HITPOINT WARNING * * *
You writhe in agony.
* * * LOW HITPOINT WARNING * * *
You are feeling hungry.
You barely miss Grinder.
Grinder is severely wounded.
Grinder hits you!
You die...

.......# #.#######
....)..#### #.#
.......^.... #.#
.<####.####. #.#
..# #.# #.# ..#
#.# #.# .)# #.#
#.# ..####.# #.#
.......# #@#
..####.####.####5#
#.# ..5......#
#...........######
#########


You could see Grinder.

Vanquished Creatures
  A bullfrog skeleton (D:2)
  An orc priest (D:3)
  Robin (D:3)
  10 adders
  An ooze (D:1)
  3 worms (D:2)
  4 dart slugs
  3 leopard geckos
  8 orcs (D:3)
  2 giant cockroaches
  14 goblins
  11 hobgoblins
  A quokka (D:2)
  2 ball pythons
  3 bats
  4 frilled lizards
  13 kobolds
  5 rats
87 creatures vanquished.

Notes
Turn   | Place    | Note
-------+----------+-------------------------------------------
     0 | D:1      | DogServant the Merfolk Transmuter began the quest for the
                  | Orb.
     0 | D:1      | Reached XP level 1. HP: 15/15 MP: 3/3
   220 | D:1      | Reached XP level 2. HP: 15/21 MP: 3/5
   684 | D:1      | Reached XP level 3. HP: 26/26 MP: 4/6
  1444 | D:2      | Reached XP level 4. HP: 6/32 MP: 5/7
  2069 | D:2      | Reached XP level 5. HP: 33/37 MP: 6/8
  2074 | D:2      | Learned a level 3 spell: Spider Form
  2478 | D:2      | Found a faded altar of an unknown god.
  2756 | D:3      | Noticed Robin
  2767 | D:3      | Killed Robin
  2782 | D:3      | Reached skill level 5 in Transmutations
  3063 | D:3      | Reached XP level 6. HP: 31/44 MP: 9/9
  3341 | D:3      | Learned a level 5 spell: Blade Hands
  3582 | D:3      | Noticed Grinder
  3610 | D:3      | Reached skill level 5 in Unarmed Combat
  4039 | D:3      | Paralysed by Grinder for 7 turns
  4051 | D:3      | Slain by Grinder

Illustrated notes

Levels and vault maps discovered:
D:1:      giann_bridges, layout_basic
D:2:      layout_basic, chequers_ecumenical_altar_lobes, uniq_crazy_yiuf_cottage
D:3:      layout_loops_ring, first_ration, uniq_grinder, uniq_robin

Skill      XL: |  1  2  3  4  5  6 |
---------------+-------------------+-----
Transmutations | 3 4 5 |  5.3
Dodging        | 3 4 |  4.3
Unarmed Combat | 4 5 |  5.0
Fighting       | 2 |  2.4
Spellcasting   | |  2.0

Action                   |  1- 3 |  4- 6 || total
-------------------------+-------+-------++-------
Melee: Unarmed           |    29 |    12 ||    41
       Headbutt          |    18 |    17 ||    35
       Tailslap          |     3 |       ||     3
       Dagger            |    79 |   157 ||   236
       Punch             |     2 |       ||     2
Throw: Javelin           |     3 |    18 ||    21
 Cast: Beastly Appendage |    18 |    22 ||    40
       Spider Form       |       |     1 ||     1
  Use: Scroll            |     1 |     5 ||     6
       Potion            |       |     4 ||     4
 Stab: Sleeping          |     2 |     1 ||     3
  Eat: Chunk             |     2 |     9 ||    11
Armor: Robe              |     8 |    16 ||    24
       Skin              |       |     1 ||     1
Dodge: Dodged            |    68 |   127 ||   195
